 Dungeon Crawl Stone Soup version 0.29.1-15-g9cfb28693d (webtiles) character file.

Game seed: 15343980554232689066

3103 Sanktem7 the Fighter (level 9, 0/86 HPs)
             Began as a Minotaur Fighter on Mar 3, 2023.
             Was a Believer of Trog.
             Succumbed to a kobold brigand's curare-tipped dart
             ... on level 7 of the Dungeon.
             The game lasted 00:11:18 (7856 turns).

Sanktem7 the Fighter (Minotaur Fighter)             Turns: 7856, Time: 00:11:18

Health: 0/86       AC: 12    Str: 26    XL:     9   Next: 59%
Magic:  4/8        EV:  6    Int:  5    God:    Trog [**....]
Gold:   306        SH:  8    Dex:  9    Spells: 8/8 levels left

rFire   + . .      SeeInvis .   a - +1 war axe {axe}
rCold   x . .      Faith    .   D - +0 kite shield
rNeg    . . .      Spirit   +   m - +0 chain mail
rPois   .          Reflect  .   (helmet restricted)
rElec   .          Harm     .   v - +1 cloak
rCorr   .          Rampage  .   (no gloves)
Will    .....                   (no boots)
Stlth   ..........              i - amulet of guardian spirit
HPRegen 0.24/turn               b - ring of fire
MPRegen 0.11/turn               s - ring of flight

@: lethally poisoned (0 -> -21), flying, slowed, very slow
A: horns 2, retaliatory headbutt
a: Renounce Religion, Berserk, Trog's Hand


You were on level 7 of the Dungeon.
You worshipped Trog.
Trog was pleased with you.
You visited 2 branches of the dungeon, and saw 8 of its levels.

You collected 306 gold pieces.


Innate Abilities, Weirdness & Mutations

You have a pair of horns on your head.
You reflexively headbutt those who attack you in melee.


   Skills:
 * Level 10.8 Fighting
 * Level 10.5 Axes
 + Level 4.2 Throwing
 - Level 6.0 Armour
 - Level 3.6 Shields


You had 8 spell levels left.
You didn't know any spells.
Your spell library contained the following spells:

 Spells                   Type           Power      Damage    Failure   Level
 Magic Dart               Conj           0%         1d3       100%        1
 Sandblast                Erth           0%         2d4       100%        1
 Call Imp                 Summ           0%         N/A       100%        2
 Passwall                 Tmut/Erth      0%         N/A       100%        2
 Mephitic Cloud           Conj/Pois/Air  0%         N/A       100%        3
 Stone Arrow              Conj/Erth      0%         3d7       100%        3
 Summon Guardian Golem    Hex/Summ       0%         N/A       100%        3
 Orb of Destruction       Conj           0%         9d5       100%        7
 Spellforged Servitor     Conj/Summ      0%         N/A       100%        7

Inventory:

Hand Weapons
 a - a +1 war axe (weapon) {axe}
 A - a +1 long sword of protection {long}
   (You took it off Maggie on level 7 of the Dungeon)
 B - a +1 mace of holy wrath {mace}
   (You took it off an orc priest on level 4 of the Dungeon)
 C - a +0 dagger of speed {short}
   (You took it off a kobold on level 7 of the Dungeon)
Missiles
 p - 21 poisoned darts (quivered) {throwing}
 y - 3 boomerangs {throwing}
 z - 9 stones {throwing}
 H - a throwing net {=f!fthrowing}
Armour
 m - a +0 chain mail (worn)
   (You found it on level 2 of the Dungeon)
 v - a +1 cloak (worn)
   (You found it on level 3 of the Dungeon)
 D - a +0 kite shield (worn)
   (You found it on level 5 of the Dungeon)
Jewellery
 b - a ring of fire (left hand)
   (You found it on level 2 of the Dungeon)
 i - an amulet of guardian spirit (around neck)
   (You found it on level 1 of the Dungeon)
 s - a ring of flight (right hand)
   (You found it on level 3 of the Dungeon)
Wands
 f - a wand of polymorph (8)
   (You took it off Duvessa on level 7 of the Dungeon)
 r - a wand of flame (11)
   (You found it on level 3 of the Dungeon)
 w - a wand of digging (4)
   (You found it on level 7 of the Dungeon)
 G - a wand of roots (6)
   (You found it on level 5 of the Dungeon)
Scrolls
 c - a scroll of enchant armour
 j - 2 scrolls of enchant weapon
Potions
 d - 2 potions of might
 e - 2 potions of degeneration {!q@e2}
 g - a potion of cancellation {unknown}
 h - 2 potions of lignification {unknown}
 k - 2 potions of invisibility {unknown}
 l - a potion of heal wounds {@q2}
 n - 2 potions of curing {unknown}
 o - a potion of berserk rage {unknown}
 q - 2 potions of flight {unknown}
 t - a potion of ambrosia {unknown}
 u - a potion of brilliance {unknown}
 x - 2 potions of haste {@q3}
 E - a potion of magic {unknown}
 F - a potion of mutation {unknown}
 I - 2 potions of resistance {unknown}

Dungeon Overview and Level Annotations

Branches:
Dungeon (7/15) Zot: 25562  Temple (1/1) D:4 Zot: 5898

Altars:
Ashenzari
Cheibriados
Dithmenos
Elyvilon
Fedhas
Hepliaklqana
Kikubaaqudgha
Makhleb
Nemelex Xobeh
Okawaru
Qazlal
Ru
Sif Muna
Trog
Uskayaw
Vehumet
Wu Jian
Xom
Yredelemnul
Zin
The Shining One

# #......## ###. #.....).##
..... ###'#.)).#############
(โŒ
....##)...#..####...###...
......).....#..###....###...
K..>.โŒ
)#...)#..###....###...
............#.[##..#...#...#
.โŒ
....#.....##..#..##.....##
......#.#'#@###....###...###
##....#.#.#)# ##...###...###
#... #.#.#.# #######...###
#... #.#.#.. ####### #.#.#
#.. ###


There were no monsters in sight!


Message History

You are poisoned.
You feel sick.
The kobold hits you but does no damage. ๐Ÿ˜• HP[-2]
You take 2 damage, and now have 84/86 hp.
You slice the kobold!!
You kill the kobold!
Trog accepts your kill.
You feel sick. ๐Ÿ˜• HP[-1]
You take 1 damage, and now have 83/86 hp.
You slice the kobold!!
You kill the kobold!
Trog accepts your kill.
You feel sick.
No target in view!
No target in view!
No target in view!
No target in view!
No target in view!
You feel sick.
You feel sick.
You feel sick.
You are no longer poisoned.
C - a +0 dagger of speed {short}
p - 21 poisoned darts {throwing} (gained 12)
Things that are here:
a +0 club {mace}; a kobold corpse ๐Ÿ˜Ž HP[+3]
Your hp is fully restored (86).
Items here: ) [ รทรท.
E - a ruby potion;
H - a throwing net {=f!fthrowing}
Items here: )) [ รท.
A kobold brigand comes into view.
It is wielding a +0 dagger and quivering curare-tipped darts.
The kobold brigand shouts!
The kobold brigand throws a curare-tipped dart.
The curare-tipped dart hits you.
You are poisoned.
You have difficulty breathing.
You feel yourself slow down. ๐Ÿ˜• HP[-8]
You take 8 damage, and now have 78/86 hp.
You feel very sick.
The kobold brigand throws a curare-tipped dart.
The curare-tipped dart hits you.
You are more poisoned.
You have difficulty breathing.
You feel as though you will be slow longer. ๐Ÿ˜• HP[-12] MP[-1]
You take 12 damage, and now have 66/86 hp.
You lost 1 mp, and now have 7/8 mp.
You feel extremely sick.
The kobold brigand throws a curare-tipped dart.
The curare-tipped dart hits you.
You are more poisoned.
You have difficulty breathing.
You feel as though you will be slow longer.
The kobold brigand throws a curare-tipped dart.
The curare-tipped dart hits you.
You are lethally poisoned!
You have difficulty breathing.
You feel as though you will be slow longer. ๐Ÿ˜ฎ HP[-20] MP[-1]
You take 20 damage, and now have 46/86 hp.
MASSIVE DAMAGE!! (PAUSE)
You lost 1 mp, and now have 6/8 mp.
* * * LOW HITPOINT WARNING * * *
You feel extremely sick. ๐Ÿ˜จ HP[-16]
You take 16 damage, and now have 30/86 hp.
* * * LOW HITPOINT WARNING * * *
You feel extremely sick.
The kobold brigand throws a curare-tipped dart.
You block the curare-tipped dart.
The kobold brigand throws a curare-tipped dart.
The curare-tipped dart hits you.
You are more poisoned.
You have difficulty breathing.
* * * LOW HITPOINT WARNING * * *
You feel as though you will be slow longer. ๐Ÿ˜ฑ HP[-19] MP[-2]
You take 19 damage, and now have 11/86 hp.
MASSIVE DAMAGE!! (PAUSE)
You lost 2 mp, and now have 4/8 mp.
It was a potion of heal wounds.
You feel much better.
* * * LOW HITPOINT WARNING * * *
You feel extremely sick. ๐Ÿ˜ฑ HP[+6]
You regained 6 hp, and now have 17/86 hp.
You slice the kobold brigand!!
* * * LOW HITPOINT WARNING * * *
You feel extremely sick.
The kobold brigand hits you but does no damage.
The kobold brigand hits you with a +0 dagger.
* * * LOW HITPOINT WARNING * * *
๐Ÿ˜ฑ HP[-11]
You take 11 damage, and now have 6/86 hp.
You slash the kobold brigand!
You kill the kobold brigand!
Trog accepts your kill.
You die...

Skill      XL: |  1  2  3  4  5  6  7  8  9 |
---------------+----------------------------+-----
Fighting       | 4 5 6 7 9 10 | 10.8
Axes           | 3 4 5 6 7 9 10 | 10.5
Armour         | 4 5 6 |  6.0
Throwing       | 3 4 |  4.2
Shields        | |  3.6

Action                   |  1- 3 |  4- 6 |  7- 9 || total
-------------------------+-------+-------+-------++-------
Melee: War axe           |    81 |   128 |   188 ||   397
       Headbutt          |    11 |    19 |    33 ||    63
       Unarmed           |       |       |     6 ||     6
  Use: Scroll            |       |       |     8 ||     8
       Potion            |       |       |     2 ||     2
Armor: Scale mail        |    19 |       |       ||    19
       Chain mail        |    34 |    72 |    99 ||   205
Dodge: Dodged            |    52 |    44 |    84 ||   180
Block: Buckler           |    15 |    27 |       ||    42
       Kite shield       |       |     9 |    99 ||   108

Levels and vault maps discovered:
D:1:      co_arrival_random_square_maze, layout_loops_ring, roderic_malta_cross
D:2:      layout_rooms, dilly_ecumenical_altar_fadedgnrine, grunt_ministairs_6
D:3:      layout_basic, mainiacjoe_overflow_small_starburst
D:4:      minmay_evil_eye, layout_rooms, nicolae_vehumet_radiance,
          minmay_temple_entry_nine_rooms, kennysheep_nondescript,
          minmay_misc_feat_pillars, chequers_serial_rivers_small_a, uniq_robin
D:5:      layout_loops_ring, general_overflow_altar,
          mainiacjoe_overflow_24_doors, mainiacjoe_overflow_large_starburst
D:6:      layout_layer_cave, nicolae_ru_the_path_less_chosen,
          kennysheep_generic_room_15
D:7:      layout_basic, kennysheep_little_box, makhleb_heckhound_becter,
          grunt_ministairs_1, grunt_decor_cap, hangedman_glass_teeth,
          uniq_duvessa, uniq_menkaure, uniq_maggie
Temple:   nicolae_temple_hex_pool

Notes
Turn   | Place    | Note
-------+----------+-------------------------------------------
     0 | D:1      | Sanktem7 the Minotaur Fighter began the quest for the Orb.
     0 | D:1      | Reached XP level 1. HP: 19/19 MP: 0/0
     0 | D:1      | magus.rc [v1.9.6]
   142 | D:1      | Reached XP level 2. HP: 27/27 MP: 1/1
   195 | D:1      | Reached skill level 4 in Fighting
   270 | D:1      | Reached skill level 3 in Axes
   561 | D:1      | Reached skill level 4 in Armour
   561 | D:1      | Reached XP level 3. HP: 33/33 MP: 2/2
  1164 | D:2      | Found a faded altar of an unknown god.
  1446 | D:3      | Reached XP level 4. HP: 41/41 MP: 3/3
  1576 | D:3      | Found a white marble altar of Elyvilon.
  2078 | D:3      | You pick up a book of Dangerous Friends and begin
                  | reading...
  2078 | D:3      | You add the spells Summon Guardian Golem, Orb of
                  | Destruction and Spellforged Servitor to your library.
  2311 | D:3      | Reached skill level 4 in Axes
  2513 | D:4      | Noticed a scorpion
  2523 | D:4      | Killed a scorpion
  2524 | D:4      | Reached skill level 5 in Fighting
  2524 | D:4      | Reached XP level 5. HP: 26/48 MP: 2/4
  2768 | D:4      | Noticed a phantom
  2775 | D:4      | Killed a phantom
  2776 | D:4      | Reached skill level 5 in Axes
  2776 | D:4      | Reached XP level 6. HP: 38/57 MP: 1/5
  2777 | D:4      | Reached skill level 6 in Fighting
  2798 | D:4      | Reached skill level 5 in Armour
  2947 | D:4      | Noticed Robin
  2953 | D:4      | Killed Robin
  3146 | D:4      | Found a radiant altar of Vehumet.
  3184 | D:4      | You pick up a book of Geomancy and begin reading...
  3184 | D:4      | You add the spells Sandblast, Passwall and Stone Arrow to
                  | your library.
  3214 | D:4      | Found a staircase to the Ecumenical Temple.
  3226 | Temple   | Entered the Ecumenical Temple
  3306 | Temple   | Became a worshipper of Trog the Wrathful
  3656 | D:5      | Entered Level 5 of the Dungeon
  3702 | D:5      | Found an iron altar of Okawaru.
  3892 | D:5      | Reached skill level 6 in Axes
  3892 | D:5      | Reached XP level 7. HP: 25/64 MP: 3/6
  4156 | D:5      | Found a shadowy altar of Dithmenos.
  4156 | D:5      | Found a hide-covered altar of Uskayaw.
  4208 | D:5      | Reached skill level 7 in Fighting
  4302 | D:5      | Found an ornate altar of the Wu Jian Council.
  4308 | D:5      | You pick up a book of Minor Magic {forbidden} and begin
                  | reading...
  4308 | D:5      | You add the spells Magic Dart, Call Imp and Mephitic Cloud
                  | to your library.
  4857 | D:6      | Reached skill level 7 in Axes
  4881 | D:6      | Reached * piety under Trog
  4882 | D:6      | Reached skill level 6 in Armour
  5050 | D:6      | Reached XP level 8. HP: 69/74 MP: 7/7
  5091 | D:6      | Reached skill level 8 in Fighting
  5149 | D:6      | Reached skill level 1 in Throwing
  5422 | D:6      | Reached skill level 8 in Axes
  5592 | D:6      | Found a sacrificial altar of Ru.
  5797 | D:6      | Reached skill level 2 in Throwing
  5947 | D:6      | Reached skill level 9 in Fighting
  6424 | D:7      | Reached skill level 9 in Axes
  6428 | D:7      | Reached skill level 3 in Throwing
  6430 | D:7      | Reached XP level 9. HP: 44/84 MP: 4/8
  6705 | D:7      | magus.rc [v1.9.6]
  6756 | D:7      | Noticed Duvessa
  6759 | D:7      | Noticed Dowan
  6796 | D:7      | Killed Duvessa
  6804 | D:7      | Killed Dowan
  6805 | D:7      | Reached skill level 10 in Fighting
  7080 | D:7      | Found a burning altar of Makhleb.
  7106 | D:7      | Found a glowing silver altar of Zin.
  7380 | D:7      | Noticed Maggie
  7398 | D:7      | Killed Maggie
  7399 | D:7      | Reached skill level 10 in Axes
  7447 | D:7      | Reached skill level 4 in Throwing
  7465 | D:7      | HP: 20/86 [kobold brigand/+0 short sword (3)]
  7471 | D:7      | HP: 14/86 [water moccasin (2)]
  7533 | D:7      | Reached ** piety under Trog
  7853 | D:7      | HP: 19/86 [poisoned by a kobold brigand (curare-tipped
                  | dart)]
  7855 | D:7      | HP: 7/86 [poisoned by a kobold brigand (curare-tipped
                  | dart)]
  7856 | D:7      | Succumbed to a kobold brigand's curare-tipped dart

Vanquished Creatures
  Maggie (D:7)
  A steam dragon (D:7)
  2 water moccasins
  Duvessa (D:7)
  3 black bears (D:6)
  3 ogres
  3 phantoms
  2 kobold brigands (D:7)
  A necrophage (D:6)
  4 scorpions
  3 wights (D:6)
  Dowan (D:7)
  6 killer bees (D:7)
  5 howler monkeys
  2 orc priests
  2 jellies
  A gnoll bouda (D:7)
  5 hounds
  2 iguanas
  Robin (D:4)
  8 gnolls
  8 adders
  An ufetubus (D:5)
  3 dart slugs
  20 orcs
  4 ball pythons
  8 bats
  5 endoplasms
  3 giant cockroaches
  13 goblins
  11 hobgoblins
  9 jackals
  3 frilled lizards
  11 kobolds
  3 rats
159 creatures vanquished.

Vanquished Creatures (others)
  12 plants (D:2)
12 creatures vanquished.

Grand Total: 171 creatures vanquished

Table legend:
 A = Non-vault XP
 B = Vault XP
 C = Vault XP percentage of total XP
 D = Non-vault monster count
 E = Vault monster count
 F = Vault count percentage of total count
                 A         B        C        D         E       F
            +---------+---------+-------+---------+---------+-------
      Total |    3367 |    1167 |  25.7 |     131 |      28 |  17.6
            +---------+---------+-------+---------+---------+-------
        D:1 |      43 |       0 |   0.0 |      17 |       0 |   0.0
        D:2 |      35 |      15 |  30.0 |      14 |       2 |  12.5
        D:3 |      24 |       0 |   0.0 |      14 |       0 |   0.0
        D:4 |     196 |     267 |  57.7 |      24 |      15 |  38.5
        D:5 |     498 |       0 |   0.0 |      21 |       0 |   0.0
        D:6 |    1386 |       0 |   0.0 |      19 |       0 |   0.0
        D:7 |    1185 |     885 |  42.8 |      22 |      11 |  33.3
            +---------+---------+-------+---------+---------+-------

Illustrated notes

Table legend:
 A = Kills in this place as a percentage of kills in entire the game.
 B = Kills by you in this place as a percentage of kills by you in the entire game.
 C = Kills by friends in this place as a percentage of kills by friends in the entire game.
 D = Other kills in this place as a percentage of other kills in the entire game.
 E = Experience gained in this place as a percentage of experience gained in the entire game.
 F = Experience gained in this place divided by the number of levels of this place that you have seen.
                   A       B       C       D       E      F
               +-------+-------+-------+-------+-------+----------------------
         Total | 100.0 | 100.0 |   N/A |   N/A | 100.0 | 566.8
       Dungeon | 100.0 | 100.0 |   N/A |   N/A | 100.0 | 647.7
               +-------+-------+-------+-------+-------+----------------------

Table legend: (Time is in decaauts)
 A = Elapsed time spent in this place.
 B = Non-inter-level travel time spent in this place.
 C = Inter-level travel time spent in this place.
 D = Time resting spent in this place.
 E = Time spent auto-exploring this place.
 F = Levels seen in this place.
 G = Mean time per level.
                   A        B        C        D        E       F      G
               +--------+--------+--------+--------+--------+-----+--------+
         Total |   7957 |   7820 |    137 |     21 |   6699 |   8 |  994.6 |
       Dungeon |   7855 |   7752 |    103 |     21 |   6644 |   7 | 1122.1 |
        Temple |    101 |     67 |     34 |      0 |     55 |   1 |  101.0 |
               +--------+--------+--------+--------+--------+-----+--------+

Top non-repeatable levels by time:
     D:6: 1603 daAuts
     D:7: 1437 daAuts
     D:5: 1200 daAuts
     D:4: 1163 daAuts
     D:3: 1002 daAuts
     D:2: 760 daAuts
     D:1: 688 daAuts
  Temple: 101 daAuts
